 Dungeon Crawl Stone Soup version 0.30.1-9-gdf580d7c3d (webtiles) character file.

Game seed: 12871914139415298703

84 Janerl the Poker (level 4, -6/37 HPs)
             Began as a Merfolk Berserker on Oct 20, 2023.
             Was a Believer of Trog.
             Killed by nerve-wracking pain
             ... invoked by an orc priest
              (13 damage)
             ... on level 4 of the Dungeon.
             The game lasted 00:04:54 (1361 turns).

Janerl the Poker (Merfolk Berserker)                Turns: 1361, Time: 00:04:55

Health: -6/37      AC:  2    Str: 17    XL:     4   Next: 45%
Magic:  4/4        EV: 13    Int:  8    God:    Trog [**....]
Gold:   67         SH:  0    Dex: 13    Spells: 3/3 levels left

rFire   . . .        a - +0 spear
rCold   . . .        (no shield)
rNeg    . . .        b - +0 animal skin
rPois   .            (no helmet)
rElec   .            (no cloak)
rCorr   .            (no gloves)
SInv    .            (no boots)
Will    .....        (no amulet)
Stlth   +            (no ring)
HPRegen 0.26/turn    (no ring)
MPRegen 0.09/turn

%: no passive effects
@: no status effects
A: (nimble swimmer 2), mertail
a: Renounce Religion, Berserk, Trog's Hand


You were on level 4 of the Dungeon.
You worshipped Trog.
Trog was pleased with you.
You visited 1 branch of the dungeon, and saw 3 of its levels.

You collected 67 gold pieces.

Inventory:

Hand Weapons
 a - a +0 spear (weapon)
 h - a +1 dagger of venom
Missiles
 e - 5 poisoned darts (quivered)
 m - 2 javelins
Armour
 b - a +0 animal skin (worn)
Scrolls
 c - a scroll of blinking {unknown}
 d - a scroll of brand weapon {unknown}
 f - 3 scrolls of teleportation {unknown}
 g - a scroll of enchant weapon {unknown}
 i - 4 scrolls of identify {unknown}
 k - a scroll of poison {unknown}
 l - a scroll of noise {unknown}
 n - a scroll of amnesia {unknown}
Potions
 j - 3 potions of curing {unknown}


   Skills:
 + Level 3.7 Fighting
 + Level 5.3 Polearms
 + Level 1.6 Armour
 + Level 4.1 Dodging


You had 3 spell levels left.
You didn't know any spells.
Your spell library was empty.

Dungeon Overview and Level Annotations

Branches:
Dungeon (4/15)
 Temple: D:4-7

Altars:


Innate Abilities, Weirdness & Mutations

((You are very nimble when in or above water. (Stealth+, EV+, Speed+++)))
Your lower body shifts to a powerful aquatic tail in water.


Message History

The orc wizard gestures at you while chanting.
The puff of flame hits you!
You hit the orc wizard.
The orc wizard is heavily wounded.
An orc wizard comes into view. It is wielding a +0 dagger.
The orc wizard closely misses you.
You hit the orc wizard.
The orc wizard is severely wounded.
The orc wizard gestures at you while chanting.
You resist with some effort.
You barely miss the orc wizard.
The orc wizard is severely wounded.
The orc priest mumbles some strange prayers to Beogh against you.
Beogh smites you!
The orc wizard hits you with a +0 dagger.
You hit the orc wizard.
You kill the orc wizard!
Trog accepts your kill.
Trog appreciates your killing of a magic user.
Your Dodging skill increases to level 4!
The orc closely misses you.
Things that are here:
a +0 dagger; a +0 robe You hit the orc priest.
The orc priest is moderately wounded.
The orc priest hits you with a +0 club. The orc barely misses you.
You closely miss the orc priest.
The orc priest is moderately wounded.
The orc priest misses you. The orc hits you with a +0 club.
* * * LOW HITPOINT WARNING * * *
You puncture the orc priest!
The orc priest is severely wounded.
The orc priest hits you with a +0 club.
* * * LOW HITPOINT WARNING * * *
The orc barely misses you. The orc closely misses you.
You hit the orc priest.
The orc priest is almost dead.
The orc priest invokes the aid of Beogh against you.
Pain shoots through your body!
You die...

#......|#
#.>.....#
###.......#
.........###
#..........
..######....../.##
.................#
.###.o..####....#
###.o@.# ..#
#..oo..#### ##
#...#.###.#.##
#..# ... #. ##.#.#
#..###. #. ..
#.#.## #........ .
..
##.#.###........
... ####.....###..
... . #.....##.. .
..####.....##.# #


You could see an orc priest, an orc wizard and 2 orcs.

Vanquished Creatures
  An orc wizard (D:4)
  A gnoll (D:4)
  An adder (D:2)
  A worm (D:2)
  A dart slug (D:1)
  4 endoplasms
  2 giant cockroaches (D:1)
  5 hobgoblins
  2 quokkas (D:1)
  2 ball pythons
  5 bats
  A frilled lizard (D:1)
  3 goblins
  2 kobolds
  5 rats (D:1)
36 creatures vanquished.

Notes
Turn   | Place    | Note
-------+----------+-------------------------------------------
     0 | D:1      | Janerl the Merfolk Berserker began the quest for the Orb.
     0 | D:1      | Reached XP level 1. HP: 18/18 MP: 1/1
    20 | D:1      | Found a faded altar of an unknown god.
    59 | D:1      | Reached XP level 2. HP: 13/24 MP: 2/2
   445 | D:1      | Reached ** piety under Trog
   542 | D:1      | Reached XP level 3. HP: 13/29 MP: 3/3
  1185 | D:2      | You fall into a shaft and drop 2 floors!
  1201 | D:4      | Reached skill level 5 in Polearms
  1234 | D:4      | Reached XP level 4. HP: 18/37 MP: 4/4
  1361 | D:4      | Killed from afar by an orc priest

Illustrated notes

Levels and vault maps discovered:
D:1:      dpeg_arrival_connections, layout_basic,
          shapermc_ecumenical_altar_mp_highgroup
D:2:      layout_loops_cross, minmay_tromino_v7
D:4:      layout_rooms, mainiacjoe_overflow_surrounded_room, minivault_24

Skill      XL: |  1  2  3  4 |
---------------+-------------+-----
Dodging        | 3 4 |  4.1
Polearms       | 5 |  5.3
Fighting       | |  3.7
Armour         | |  1.6

Action                     |  1- 3 |  4- 6 || total
---------------------------+-------+-------++-------
  Melee: Spear             |   107 |    16 ||   123
         Punch             |     1 |       ||     1
  Throw: Dart              |     2 |       ||     2
         Javelin           |     1 |       ||     1
 Armour: Animal skin       |    16 |       ||    16
  Dodge: Dodged            |    67 |     9 ||    76
